Map: Lightshade LE

Players

NORTHAMERICA - Winner!

  • Race: Protoss Protoss
  • League: Grandmaster
  • Spawn Location: 11:00

SpLicFly

  • Race: Protoss Protoss
  • League: Master
  • Spawn Location: 5:00

VOD

Have the link to the VOD?

Description

Time

  • Played on: Oct. 17, 2020, 3:13 a.m.
  • Length: 13:14
Show
View Real Time Build Order
Export as new Build Order

NORTHAMERICA Protoss - Winner!

Build Orders: Oracle Opening 

Get SALT Encoding   

  12  0:00  Probe  
  13  0:13  Probe  
  14  0:18  Pylon  
  14  0:25  Probe  
  15  0:37  Probe (Chrono Boost)  
  15  0:38  Gateway  
  16  0:47  Assimilator  
  16  0:48  Probe (Chrono Boost)  
  17  0:52  Probe (Chrono Boost)  
  17  0:56  Assimilator  
  18  1:03  Probe (Chrono Boost)  
  19  1:14  Probe (Chrono Boost)  
  19  1:15  Gateway  
  20  1:19  Probe (Chrono Boost)  
  21  1:27  Cybernetics Core  
  21  1:30  Probe  
  22  1:37  Pylon  
  22  1:42  Probe  
  23  1:53  Unknown  
  23  1:54  Unknown x2  
  23  1:55  Probe  
  24  2:03  Stalker  
  24  2:04  Warp Gate, Sentry  
  28  2:08  Probe  
  28  2:12  Pylon  
  29  2:21  Probe  
  30  2:25  Pylon  
  30  2:33  Stalker  
  30  2:34  Stalker  
  34  2:54  Nexus  
  34  3:06  Stargate  
  34  3:10  Probe  
  35  3:17  Shield Battery  
  35  3:22  Probe (Chrono Boost)  
  36  3:28  Pylon  
  37  3:34  Probe (Chrono Boost)  
  37  3:40  Probe (Chrono Boost)  
  38  3:47  Oracle (Chrono Boost)  
  38  3:48  Probe  
  38  3:50  Pylon  
  38  3:53  Sentry  
  44  3:56  Adept  
  44  4:02  Probe (Chrono Boost)  
  47  4:08  Probe (Chrono Boost)  
  50  4:17  Probe x2 (Chrono Boost)  
  50  4:22  Probe (Chrono Boost)  
  49  4:24  Probe  
  49  4:28  Shield Battery  
  49  4:34  Probe  
  49  4:36  Probe  
  51  4:46  Probe, Oracle  
  51  4:49  Probe  
  56  4:53  Pylon  
  56  4:58  Probe  
  57  5:01  Probe, Stargate  
  57  5:02  Robotics Facility  
  57  5:06  Assimilator  
  58  5:08  Assimilator  
  58  5:10  Probe  
  58  5:13  Probe  
  60  5:14  Pylon  
  60  5:21  Pylon  
  60  5:22  Probe  
  60  5:25  Probe  
  62  5:32  Protoss Air Weapons Level 1  
  62  5:33  Forge  
  62  5:34  Probe  
  63  5:36  Void Ray (Chrono Boost)  
  63  5:38  Probe  
  68  5:44  Pylon  
  68  5:50  Void Ray (Chrono Boost)  
  68  5:56  Pylon  
  72  6:03  Probe  
  72  6:04  Immortal  
  77  6:15  Void Ray (Chrono Boost)  
  81  6:21  Nexus, Void Ray (Chrono Boost)  
  81  6:25  Pylon  
  85  6:33  Probe  
  85  6:39  Photon Cannon  
  86  6:45  Observer  
  86  6:46  Void Ray (Chrono Boost)  
  87  6:51  Photon Cannon  
  87  6:52  Photon Cannon  
  87  6:55  Shield Battery  
  87  6:59  Probe x2  
  93  7:05  Robotics Bay  
  93  7:11  Probe  
  93  7:13  Immortal  
  98  7:19  Probe  
  99  7:24  Pylon  
  99  7:25  Void Ray (Chrono Boost)  
  99  7:29  Probe  
  100  7:32  Void Ray (Chrono Boost)  
  104  7:37  Probe  
  104  7:42  Probe  
  110  7:45  Photon Cannon  
  110  7:52  Assimilator  
  110  7:53  Disruptor  
  110  7:56  Probe x3  
  116  8:01  Assimilator  
  116  8:06  Photon Cannon, Void Ray  
  116  8:07  Shield Battery  
  116  8:08  Probe  
  121  8:20  Probe  
  121  8:21  Void Ray, Shield Battery  
  126  8:41  Photon Cannon  
  126  8:43  Void Ray, Shield Battery  
  126  8:44  Zealot x2  
  134  8:58  Probe  
  134  8:59  Void Ray  
  135  9:03  Fleet Beacon  
  135  9:04  Protoss Shields Level 1, Pylon x2  
  135  9:09  Photon Cannon  
  139  9:13  Photon Cannon  
  139  9:18  Pylon x2  
  139  9:26  Void Ray  
  138  9:36  Void Ray  
  138  9:38  Photon Cannon  
  142  9:39  Zealot x2  
  150  9:53  Unknown  
  150  9:57  Nexus  
  150  9:58  Protoss Air Weapons Level 2 (Chrono Boost), Pylon  
  150  10:05  Stargate  
  150  10:08  Disruptor  
  153  10:19  Photon Cannon  
  153  10:20  Mothership (Chrono Boost), Shield Battery  
  153  10:22  Photon Cannon  
  161  10:37  Carrier  
  161  10:38  Probe (Chrono Boost)  
  164  10:47  Carrier  
  164  10:49  Probe  
  165  10:55  Probe  
  172  10:58  Photon Cannon  
  172  10:59  Shield Battery  
  172  11:01  Probe  
  173  11:04  Carrier (Chrono Boost)  
  173  11:07  Probe  
  178  11:21  Probe  
  178  11:25  Assimilator  
  179  11:29  Assimilator  
  179  11:31  Carrier (Chrono Boost)  
  179  11:33  Photon Cannon  
  179  11:35  Shield Battery  
  179  11:38  Pylon  
  185  11:51  Pylon  
  185  11:52  Stargate  
  185  11:53  Carrier (Chrono Boost), Photon Cannon  
  191  11:58  Photon Cannon  
  191  12:15  Probe  
  198  12:45  Twilight Council  
  198  12:58  Photon Cannon  
  198  13:00  Photon Cannon  
  198  13:03  Photon Cannon  
Show
View Real Time Build Order
Export as new Build Order

SpLicFly Protoss 

Build Orders:  

Get SALT Encoding   

  12  0:00  Probe  
  13  0:12  Probe  
  14  0:17  Pylon  
  14  0:24  Probe (Chrono Boost)  
  15  0:36  Probe (Chrono Boost)  
  15  0:39  Gateway  
  16  0:44  Probe (Chrono Boost)  
  16  0:45  Assimilator  
  17  0:51  Probe  
  17  0:54  Assimilator  
  18  1:03  Probe (Chrono Boost)  
  19  1:07  Gateway  
  19  1:13  Probe (Chrono Boost)  
  20  1:18  Probe (Chrono Boost)  
  21  1:26  Cybernetics Core  
  21  1:29  Probe  
  22  1:34  Pylon  
  22  1:41  Probe  
  23  1:53  Probe  
  24  2:02  Stalker x2  
  24  2:03  Warp Gate  
  28  2:11  Pylon  
  28  2:32  Adept x2  
  32  2:46  Nexus  
  32  2:56  Shield Battery  
  32  3:02  Adept  
  32  3:05  Adept  
  36  3:11  Probe  
  37  3:15  Shield Battery  
  37  3:23  Probe  
  38  3:28  Pylon  
  38  3:33  Robotics Facility  
  38  3:51  Adept x2  
  38  3:53  Probe (Chrono Boost)  
  43  3:59  Probe (Chrono Boost)  
  44  4:05  Probe (Chrono Boost)  
  44  4:09  Probe (Chrono Boost)  
  46  4:10  Probe (Chrono Boost)  
  46  4:11  Sentry  
  46  4:12  Sentry  
  46  4:13  Probe (Chrono Boost)  
  52  4:19  Probe  
  53  4:25  Observer  
  50  4:33  Probe  
  43  4:38  Twilight Council  
  43  4:40  Probe, Stalker  
  43  4:42  Stalker  
  48  4:45  Probe  
  48  4:52  Probe (Chrono Boost)  
  50  4:53  Pylon  
  50  4:55  Observer  
  50  4:58  Probe (Chrono Boost)  
  52  5:06  Probe (Chrono Boost), Stalker  
  55  5:09  Stalker  
  55  5:10  Probe x2 (Chrono Boost)  
  55  5:12  Assimilator, Blink (Chrono Boost)  
  59  5:18  Probe  
  59  5:20  Probe  
  61  5:31  Probe  
  61  5:35  Gateway  
  62  5:37  Gateway  
  62  5:40  Gateway  
  62  5:46  Gateway  
  62  5:58  Gateway, Pylon  
  62  6:02  Stalker x2  
  66  6:16  Probe  
  66  6:17  Assimilator  
  66  6:25  Warp Prism  
  66  6:28  Pylon  
  66  6:29  Stalker x2  
  66  6:32  Pylon  
  72  6:37  Probe x2  
  72  6:39  Stalker x2  
  78  6:49  Probe  
  78  6:51  Nexus  
  79  7:00  Probe  
  80  7:07  Probe  
  81  7:12  Forge  
  81  7:17  Stalker x4, Observer  
  81  7:20  Sentry x2  
  93  7:23  Templar Archives  
  93  7:46  Gateway  
  93  7:47  Pylon  
  93  7:48  Pylon  
  93  7:54  Protoss Ground Weapons Level 1  
  93  8:03  Stalker x4  
  93  8:04  Stalker x2  
  105  8:11  Probe  
  104  8:14  Probe x2  
  104  8:23  Probe  
  104  8:24  Observer  
  104  8:26  Probe  
  104  8:27  Probe  
  105  8:35  Probe  
  105  8:38  Probe  
  105  8:39  Probe, Charge  
  104  8:42  Stalker x4  
  104  8:47  Probe  
  113  8:50  Probe  
  113  8:54  Probe  
  115  8:57  Assimilator  
  115  9:01  Assimilator  
  107  9:10  Stargate  
  107  9:12  Nexus  
  107  9:13  Pylon  
  107  9:16  Probe x2  
  109  9:20  Pylon  
  109  9:23  Pylon  
  106  9:41  Stargate  
  106  9:43  Stargate  
  106  9:44  Void Ray (Chrono Boost)  
  106  9:46  Observer  
  106  9:51  Shield Battery  
  106  9:53  Shield Battery  
  106  9:57  Fleet Beacon  
  110  10:06  Pylon  
  110  10:09  Shield Battery x2  
  110  10:12  Photon Cannon, Void Ray (Chrono Boost)  
  110  10:20  Protoss Shields Level 1  
  114  10:22  Pylon x2  
  114  10:24  Probe  
  114  10:25  Probe x3  
  114  10:27  Protoss Air Weapons Level 1  
  118  10:33  Void Ray x2 (Chrono Boost)  
  118  10:47  Probe  
  119  10:51  Unknown  
  119  10:53  Probe x3  
  119  10:55  Void Ray (Chrono Boost)  
  122  10:57  Assimilator  
  122  10:59  Probe  
  122  11:00  Assimilator  
  127  11:05  Probe  
  121  11:11  Observer  
  121  11:13  Void Ray x2  
  121  11:32  Void Ray (Chrono Boost)  
  121  11:37  Nexus  
  125  11:43  Pylon  
  125  11:47  Void Ray x2 (Chrono Boost)  
  125  11:53  Nexus  
  125  11:56  Pylon  
  125  12:00  Observer  
  133  12:06  Void Ray (Chrono Boost)  
  133  12:08  Stargate  
  133  12:09  Pylon  
  133  12:11  Pylon  
  137  12:15  Void Ray x2 (Chrono Boost)  
  137  12:16  Stargate  
  137  12:19  Observer (Chrono Boost)  
  146  12:32  Void Ray (Chrono Boost)  
  150  12:46  Probe x3  
  155  12:58  Probe  
  164  13:04  Zealot x5  
  164  13:05  Zealot x2  
Tags
 
Add a new tag
Caveats
  • Supply blocks, unpowered buildings, or Contaminate may cause inaccurate times.
  • Supply counts are checked every 10 seconds.